 Dungeon Crawl Stone Soup version 0.30-a0-802-gb92711bcdf (webtiles) character file.

Game seed: 3678890433650611789

22927 Newt the Slicer (level 12, -7/92 HPs)
             Began as a Demonspawn Gladiator on Feb 23, 2023.
             Was an Elder of Dithmenos.
             Mangled by a tyrant leech (26 damage)
             ... on level 3 of the Lair of Beasts.
             The game lasted 00:16:43 (12380 turns).

Newt the Slicer (Demonspawn Gladiator)             Turns: 12380, Time: 00:16:44

Health: -7/92      AC: 13    Str: 18    XL:     12   Next: 67%
Magic:  12/12      EV: 23    Int: 11    God:    Dithmenos [****..]
Gold:   229        SH:  5    Dex: 19    Spells: 11/11 levels left

rFire   . . .      SeeInvis +    f - +9 rapier "Ruidafux" {venom, rPois Str+4}
rCold   . . .      Faith    .    (no shield)
rNeg    . . .      Spirit   .    K - +1 steam dragon scales
rPois   +          Reflect  +    (helmet unavailable)
rElec   .          Harm     .    x - +0 cloak
rCorr   .          Rampage  .    (no gloves)
Will    .....                    Q - +2 pair of boots
Stlth   +++                      M - amulet of reflection
HPRegen 0.35/turn                n - +5 ring of evasion
MPRegen 0.26/turn                G - ring of poison resistance

@: about to teleport, wreathed by umbra, very slow
A: antennae 3, yellow scales 2, magic regeneration
a: Renounce Religion, Shadow Step


You were on level 3 of the Lair of Beasts.
You worshipped Dithmenos.
Dithmenos was greatly pleased with you.
You visited 2 branches of the dungeon, and saw 11 of its levels.

You collected 559 gold pieces.
You spent 330 gold pieces at shops.

Inventory:

Hand Weapons
 a - a +0 rapier
 f - the +9 rapier "Ruidafux" (weapon) {venom, rPois Str+4}
   (You acquired it on level 2 of the Dungeon)

   Str:       It affects your strength (+4).
   rPois:     It protects you from poison.
 o - a +4 dagger
 D - a +5 short sword
Missiles
 e - 5 poisoned darts
 y - a throwing net
 B - a boomerang (quivered)
 F - 3 boomerangs of dispersal
 N - a javelin
Armour
 b - a +1 leather armour
 c - a +0 helmet
 d - +0 acid dragon scales
 i - a scarf of invisibility
 x - a +0 cloak (worn)
 I - a +0 pair of boots
 J - a +1 hat of willpower
 K - +1 steam dragon scales (worn)
 Q - a +2 pair of boots (worn)
Jewellery
 m - a +6 ring of intelligence
 n - a +5 ring of evasion (left hand)
 C - a ring of ice
 G - a ring of poison resistance (right hand)
 M - an amulet of reflection (around neck)
 S - a +4 ring of protection
Wands
 v - a wand of polymorph (9)
 L - a wand of paralysis (13)
 O - a wand of light (5)
 T - a wand of digging (3)
Scrolls
 j - 3 scrolls of enchant weapon
 k - 4 scrolls of immolation
 l - 3 scrolls of teleportation
 q - a scroll of torment
 u - 2 scrolls of fog
 R - a scroll of noise
Potions
 g - 6 potions of flight
 h - 4 potions of attraction
 p - 2 potions of curing
 r - 2 potions of brilliance
 s - a potion of degeneration
 t - 2 potions of invisibility
 w - a potion of heal wounds
 z - 2 potions of haste
 A - a potion of might
 E - a potion of cancellation
 H - a potion of lignification
 U - a potion of mutation {unknown}


   Skills:
 - Level 8.0 Fighting
 + Level 13.3 Short Blades
 - Level 4.0 Throwing
 - Level 9.0 Dodging
 - Level 9.0 Stealth
 - Level 5.0 Evocations


You had 11 spell levels left.
You didn't know any spells.
Your spell library contained the following spells:

 Spells                   Type           Power      Damage    Failure   Level
 Sandblast                Erth           0%         2d4       34%         1
 Sting                    Tmut/Pois      0%         1d3       34%         1
 Passwall                 Tmut/Erth      0%         N/A       47%         2
 Poisonous Vapours        Pois/Air       0%         N/A       47%         2
 Static Discharge         Conj/Air       0%         2-2/arc   47%         2
 Call Canine Familiar     Summ           0%         N/A       71%         3
 Portal Projectile        Hex/Tloc       0%         N/A       71%         3
 Stone Arrow              Conj/Erth      0%         3d7       71%         3
 Vhi's Electric Charge    Tloc/Air       0%         N/A       71%         3
 Leda's Liquefaction      Hex/Erth       0%         N/A       98%         4
 Olgreb's Toxic Radiance  Pois           0%         N/A       98%         4
 Arcjolt                  Conj/Air       0%         1d10      100%        5
 Lightning Bolt           Conj/Air       0%         1d11      100%        5


Dungeon Overview and Level Annotations

Branches:
Dungeon (8/15)             Temple (0/1) D:4            Lair (3/5) D:8
  Swamp (0/4) Lair:3        Snake (0/4) Lair:2

Altars:
Ashenzari
Cheibriados
Dithmenos
Fedhas
Kikubaaqudgha
Makhleb
Nemelex Xobeh
Ru
Vehumet
Wu Jian
Xom

Shops:
D:8 *

Annotations:
D:8 1 runed translucent door, soul19's ghost, novice TrFi


Innate Abilities, Weirdness & Mutations

You have a pair of large antennae on your head. (SInv)
You are mostly covered in yellow scales. (AC +3)
You regenerate magic rapidly.


Message History

You now have 229 gold pieces (gained 13).
You see here a +0 sling.
Key pressed, stopping explore.
You see here 4 stones.
There is an escape hatch in the ceiling here.
There is a stone staircase leading up here.
Key pressed, stopping explore.
Key pressed, stopping explore.
A tyrant leech comes into view.
Found a staircase to the Swamp. 3 tyrant leeches come into view.
You enter the shallow water.
Moving in this stuff is going to be slow.
Your unstable footing causes you to fumble your attack.
The helpless tyrant leech fails to defend itself.
You spit the tyrant leech like a pig!!!!
You kill the tyrant leech!
Dithmenos accepts your kill. The tyrant leech barely misses you.
Your unstable footing causes you to fumble your attack.
The tyrant leech bites you!
The tyrant leech draws strength from your injuries!
Your unstable footing causes you to fumble your attack.
The tyrant leech misses you.
Your unstable footing causes you to fumble your attack.
The tyrant leech bites you!
The tyrant leech draws strength from your injuries!
The tyrant leech bites you!!
The tyrant leech draws strength from your injuries!
As you read the scroll of teleportation, it crumbles to dust.
You feel strangely unstable. The tyrant leech barely misses you.
The tyrant leech closely misses you.
Unknown command.
The tyrant leech attacks as you move away!
You block the tyrant leech's attack. The tyrant leech closely misses you.
The tyrant leech misses you. The tyrant leech bites you!!
* * * LOW HITPOINT WARNING * * *
The tyrant leech draws strength from your injuries!
The tyrant leech bites you!!
You die...

..........#......................
#................................
..#.................#.#..........
##............#..#....#..........
##............#........###......
###.......P...#..P..#...#§.......
#.....##.#...............#P......
......##......#♣♣♣♣♣.............
.......#......♣♣@w≈♣♣............
P.............♣§ww§≈♣............
.......^.......§§§§§♣............
#........###.#♣♣~~≈♣♣............
#.....#.## ### ♣≈~~♣♣............
#.####### ♣♣♣♣♣♣♣########### ###
#


You could see 3 tyrant leeches.

Vanquished Creatures
  Gastronok (D:8)
  Fannar (Lair:1)
  A hydra (Lair:2)
  A two-headed ogre (D:8)
  2 boulder beetles
  6 death yaks (Lair:1)
  A black mamba (Lair:2)
  6 cane toads
  4 komodo dragons
  A rime drake (Lair:2)
  2 hornets
  A tyrant leech (Lair:3)
  13 blink frogs (Lair:1)
  A wyvern (Lair:2)
  9 yaks
  Grum (Lair:1)
  2 steam dragons (D:7)
  Menkaure (D:6)
  2 vampire mosquitoes (D:8)
  2 nagas (Lair:2)
  An acid dragon (D:8)
  11 water moccasins
  A black bear (D:4)
  3 sky beasts
  3 ogres (D:6)
  2 ice beasts (D:6)
  18 wolves
  2 centaurs
  2 kobold brigands
  6 bullfrogs
  5 necrophages
  5 scorpions
  17 wights
  3 killer bees (D:8)
  An electric eel (Lair:3)
  A howler monkey (D:8)
  4 jellies
  A hound (D:5)
  2 gnoll boudas (D:8)
  Crazy Yiuf (D:2)
  5 iguanas
  5 orc wizards
  6 hell rats (Lair:2)
  Natasha (thrice) (D:2)
  10 adders
  11 gnolls
  2 shadow imps
  An ufetubus (D:6)
  A worm (D:3)
  3 dart slugs
  17 orcs
  2 endoplasms
  2 giant cockroaches
  6 goblins
  3 hobgoblins
  6 quokkas
  5 ball pythons
  5 bats
  17 kobolds
  4 rats
261 creatures vanquished.

Vanquished Creatures (others)
  12 fungi
  25 plants
37 creatures vanquished.

Grand Total: 298 creatures vanquished

Notes
Turn   | Place    | Note
-------+----------+-------------------------------------------
     0 | D:1      | Newt the Demonspawn Gladiator began the quest for the Orb.
     0 | D:1      | Reached XP level 1. HP: 16/16 MP: 1/1
    22 | D:1      | Reached skill level 1 in Stealth
    92 | D:1      | Gained mutation: You have a pair of small antennae on your
                  | head. [demonic ancestry]
    92 | D:1      | Reached XP level 2. HP: 22/22 MP: 2/2
   657 | D:2      | Identified a scroll of acquirement
   657 | D:2      | Acquired the +9 rapier "Ruidafux" {venom, rPois Str+4}
   718 | D:2      | Gained mutation: You have a pair of antennae on your head.
                  | [demonic ancestry]
   718 | D:2      | Reached XP level 3. HP: 25/29 MP: 3/3
   860 | D:2      | Noticed Natasha
   868 | D:2      | Killed Natasha
  1069 | D:2      | Noticed Natasha
  1074 | D:2      | Killed Natasha
  1075 | D:2      | Reached skill level 3 in Short Blades
  1075 | D:2      | Gained mutation: You are partially covered in yellow
                  | scales. (AC +2) [demonic ancestry]
  1075 | D:2      | Reached XP level 4. HP: 29/37 MP: 4/4
  1087 | D:2      | Noticed Natasha
  1095 | D:2      | Killed Natasha
  1232 | D:2      | Found a runed translucent door.
  1233 | D:2      | Noticed Crazy Yiuf
  1242 | D:2      | Killed Crazy Yiuf
  1243 | D:2      | Reached XP level 5. HP: 42/42 MP: 5/5
  1304 | D:3      | Found an ancient bone altar of Kikubaaqudgha.
  1304 | D:3      | Found a broken altar of Ashenzari.
  1304 | D:3      | Found a blossoming altar of Fedhas.
  1338 | D:3      | Reached skill level 4 in Short Blades
  1403 | D:3      | Found a shadowy altar of Dithmenos.
  1417 | D:3      | Became a worshipper of Dithmenos the Shadowed
  1748 | D:3      | Found a sacrificial altar of Ru.
  1961 | D:4      | Found a staircase to the Ecumenical Temple.
  2165 | D:4      | Noticed a black bear
  2174 | D:4      | Killed a black bear
  2175 | D:4      | Reached skill level 5 in Short Blades
  2175 | D:4      | Reached XP level 6. HP: 32/48 MP: 6/6
  2698 | D:5      | Entered Level 5 of the Dungeon
  2814 | D:5      | Reached * piety under Dithmenos
  2823 | D:5      | Reached skill level 6 in Short Blades
  3106 | D:5      | Reached XP level 7. HP: 54/54 MP: 7/7
  3176 | D:5      | Reached skill level 7 in Short Blades
  3259 | D:5      | Found a shimmering altar of Xom.
  3407 | D:5      | Found a snail-covered altar of Cheibriados.
  3951 | D:6      | Reached skill level 8 in Short Blades
  3967 | D:6      | Reached XP level 8. HP: 46/60 MP: 8/8
  4535 | D:6      | Noticed Menkaure
  4570 | D:6      | Killed Menkaure
  4571 | D:6      | Reached skill level 5 in Stealth
  4650 | D:6      | Found a sparkling altar of Nemelex Xobeh.
  5197 | D:6      | Gained mutation: You are mostly covered in yellow scales.
                  | (AC +3) [demonic ancestry]
  5197 | D:6      | Reached XP level 9. HP: 66/66 MP: 9/9
  5421 | D:6      | Reached skill level 5 in Fighting
  5462 | D:6      | Reached ** piety under Dithmenos
  5915 | D:6      | Found an ornate altar of the Wu Jian Council.
  5915 | D:6      | Found a burning altar of Makhleb.
  6213 | D:7      | Reached skill level 9 in Short Blades
  6372 | D:7      | Found a radiant altar of Vehumet.
  6665 | D:7      | Reached skill level 10 in Short Blades
  6665 | D:7      | Reached skill level 1 in Evocations
  6917 | D:8      | Found a runed translucent door.
  6919 | D:8      | Found a shimmering altar of Xom.
  6919 | D:8      | Noticed soul19's ghost (novice TrFi)
  6920 | D:8      | Noticed a +1 spear of chaos
  6949 | D:8      | Reached *** piety under Dithmenos
  7076 | D:8      | Gained mutation: You regenerate magic rapidly. [demonic
                  | ancestry]
  7076 | D:8      | Reached XP level 10. HP: 76/76 MP: 10/10
  7227 | D:8      | Reached skill level 5 in Evocations
  7310 | D:8      | Found a staircase to the Lair.
  7850 | D:8      | Noticed Gastronok
  7875 | D:8      | Killed Gastronok
  8119 | D:8      | Noticed a two-headed ogre
  8126 | D:8      | Killed a two-headed ogre
  8223 | D:8      | Found Elolotto's Neck Hole.
  8229 | D:8      | Bought an amulet of reflection for 330 gold pieces
  8497 | Lair:1   | Entered Level 1 of the Lair of Beasts
  8497 | Lair:1   | Noticed a boulder beetle
  8517 | Lair:1   | Killed a boulder beetle
  8585 | Lair:1   | Reached XP level 11. HP: 72/84 MP: 11/11
  8637 | Lair:1   | Reached skill level 5 in Dodging
  8856 | Lair:1   | Noticed Fannar
  8879 | Lair:1   | Killed Fannar
  9316 | Lair:1   | Noticed Grum
  9335 | Lair:1   | Killed Grum
  9549 | Lair:1   | Noticed a death yak
  9550 | Lair:1   | Noticed a death yak
  9566 | Lair:1   | Noticed a death yak
  9568 | Lair:1   | Killed a death yak
  9568 | Lair:1   | Noticed a death yak
  9571 | Lair:1   | Noticed a death yak
  9575 | Lair:1   | Noticed a death yak
  9580 | Lair:1   | Killed a death yak
  9587 | Lair:1   | Killed a death yak
  9598 | Lair:1   | Killed a death yak
  9599 | Lair:1   | Gained mutation: You have a pair of large antennae on your
                  | head. (SInv) [demonic ancestry]
  9599 | Lair:1   | Reached XP level 12. HP: 32/92 MP: 12/12
  9607 | Lair:1   | Killed a death yak
  9608 | Lair:1   | Reached skill level 11 in Short Blades
  9612 | Lair:1   | Killed a death yak
 10404 | Lair:2   | Found a staircase to the Snake Pit.
 10573 | Lair:2   | Reached **** piety under Dithmenos
 10651 | Lair:2   | Noticed a boulder beetle
 10671 | Lair:2   | Killed a boulder beetle
 10688 | Lair:2   | Reached skill level 12 in Short Blades
 11385 | Lair:2   | Noticed a four-headed hydra
 11390 | Lair:2   | Killed a four-headed hydra
 11391 | Lair:2   | Reached skill level 13 in Short Blades
 12369 | Lair:3   | Found a staircase to the Swamp.
 12380 | Lair:3   | Mangled by a tyrant leech

Illustrated notes

Levels and vault maps discovered:
D:1:      scummos_arrival_checkerplants, layout_rooms
D:2:      layout_rooms, uniq_crazy_yiuf_cottage, uniq_natasha
D:3:      layout_rooms, nicolae_ru_the_path_less_chosen, grunt_dithmenos_smoke,
          gammafunk_temple_overflow_forgotten
D:4:      layout_gridville, zin_treasury, minmay_temple_entry_overgrown,
          dreamdust_mushroom_princess
D:5:      layout_layer_cave, mainiacjoe_overflow_alcove_2,
          mainiacjoe_overflow_boulevard
D:6:      minmay_spotlight, layout_basic, nemelex_dance_club_becter,
          nicolae_overflow_two_pavilions, uniq_menkaure
D:7:      layout_cave_pools, nicolae_overflow_hidden_temple
D:8:      layout_basic, david_lair_shrubbed, ebering_ghost_xom,
          nicolae_shop_sticking_my_neck_out, uniq_gastronok
Lair:1:   layout_chaotic_city, grunt_megastairs_1, uniq_grum, uniq_fannar
Lair:2:   layout_concentric_octagons, guppyfry_snake_entry_garden,
          chequers_serial_rivers_micro_c, st_stairs_13, minmay_hedge_maze,
          serial_bayou_shore_b, grunt_megastairs_2, lemuel_fruit_tree
Lair:3:   layout_gridlike, minmay_swamp_entry_worms

Skill      XL: |  1  2  3  4  5  6  7  8  9 10 11 12 |
---------------+-------------------------------------+-----
Stealth        | 1 5 9 |  9.0
Fighting       | 3 4 6 7 8 |  8.0
Short Blades   | 3 5 6 8 10 13 | 13.3
Throwing       | 2 4 |  4.0
Dodging        | 4 9 |  9.0
Evocations     | 3 5 |  5.0

Action                     |  1- 3 |  4- 6 |  7- 9 | 10-12 || total
---------------------------+-------+-------+-------+-------++-------
  Melee: Rapier            |    89 |    90 |   214 |   446 ||   839
         Punch             |       |       |     2 |     7 ||     9
  Throw: Throwing net      |       |     3 |     3 |     6 ||    12
         Javelin           |       |     1 |     6 |     3 ||    10
         Boomerang         |       |       |    23 |     8 ||    31
         Dart              |       |       |     2 |     9 ||    11
 Invoke: Shadow Step       |       |       |       |     2 ||     2
  Evoke: Wand              |       |       |       |     2 ||     2
    Use: Scroll            |     6 |     7 |     3 |     7 ||    23
         Potion            |       |       |       |     1 ||     1
   Stab: Sleeping          |     3 |     2 |     7 |    18 ||    30
         Held in net/web   |       |     1 |     2 |     3 ||     6
         Paralysed         |       |       |       |     1 ||     1
         Invisible         |       |       |       |     3 ||     3
         Distracted        |       |       |       |     1 ||     1
 Armour: Leather armour    |    27 |    17 |    20 |       ||    64
         Steam dragon scal |       |       |     5 |    43 ||    48
  Dodge: Dodged            |    82 |    77 |   163 |   375 ||   697
  Block: Other             |       |       |       |    65 ||    65

Table legend: (Time is in decaauts)
 A = Elapsed time spent in this place.
 B = Non-inter-level travel time spent in this place.
 C = Inter-level travel time spent in this place.
 D = Time resting spent in this place.
 E = Time spent auto-exploring this place.
 F = Levels seen in this place.
 G = Mean time per level.
                   A        B        C        D        E       F      G
               +--------+--------+--------+--------+--------+-----+--------+
         Total |  12184 |  11751 |    433 |   3174 |   6756 |  11 | 1107.6 |
       Dungeon |   8426 |   8067 |    359 |   2069 |   4756 |   8 | 1053.2 |
          Lair |   3757 |   3683 |     74 |   1105 |   2000 |   3 | 1252.3 |
               +--------+--------+--------+--------+--------+-----+--------+

Top non-repeatable levels by time:
     D:6: 2253 daAuts
  Lair:1: 1836 daAuts
     D:8: 1603 daAuts
  Lair:2: 1248 daAuts
     D:5: 1221 daAuts
     D:4: 821 daAuts
  Lair:3: 673 daAuts
     D:1: 655 daAuts
     D:7: 647 daAuts
     D:2: 643 daAuts
     D:3: 580 daAuts
